 Dungeon Crawl Stone Soup version 0.28-a0-850-g09de17f5b5 (webtiles) character file.

Game seed: 7129548897295458571

77 marklar909 the Skirmisher (level 4, 0/33 HPs)
             Began as a Palentonga Fighter on Nov 14, 2021.
             Was a Follower of Hepliaklqana.
             Killed from afar by a white imp (10 damage)
             ... with a puff of frost
             ... summoned by Natasha
             ... on level 2 of the Dungeon.
             The game lasted 00:01:49 (1780 turns).

marklar909 the Skirmisher (Palentonga Fighter)      Turns: 1780, Time: 00:01:50

Health: 0/33       AC:  6    Str: 20    XL:     4   Next: 13%
Magic:  4/4        EV:  7    Int:  8    God:    Hepliaklqana [*.....]
Gold:   71         SH:  4    Dex: 10    Spells: 3/3 levels left

rFire   . . .      SeeInvis +   a - +0 war axe
rCold   . . .      Faith    .   c - +0 buckler
rNeg    . . .      Spirit   .   b - +0 scale mail
rPois   .          Reflect  .   (no helmet)
rElec   .          Harm     .   (no cloak)
rCorr   .          Rampage  .   (no gloves)
Will    .....                   (no barding)
Stlth   ..........              (no amulet)
HPRegen 0.11/turn               (no ring)
MPRegen 0.09/turn               (no ring)

@: no status effects
A: reduced essence, large, rugged brown scales 3, see invisible, deformed body,
roll 1, armoured tail
a: Rolling Charge, Renounce Religion, Recall Ancestor, Ancestor Identity


You were on level 2 of the Dungeon.
You worshipped Hepliaklqana.
Hepliaklqana was aware of your devotion.
You visited 1 branch of the dungeon, and saw 2 of its levels.

You collected 71 gold pieces.

Inventory:

Hand Weapons
 a - a +0 war axe (weapon)
Armour
 b - a +0 scale mail (worn)
 c - a +0 buckler (worn)
Jewellery
 e - a ring of fire
Scrolls
 i - a scroll of identify {unknown}
 j - a scroll of acquirement {unknown}
Potions
 d - a potion of might
 f - a potion of haste {unknown}
 g - a potion of curing {unknown}
 h - a potion of brilliance {unknown}


   Skills:
 + Level 3.4 Fighting
 + Level 3.0 Axes
 + Level 2.9 Armour
 + Level 0.1 Dodging
 + Level 2.8 Shields


You had 3 spell levels left.
You didn't know any spells.
Your spell library contained the following spells:

 Spells                   Type           Power      Damage    Failure   Level
 Summon Small Mammal      Summ           0%         N/A       77%         1
 Call Canine Familiar     Summ           0%         N/A       98%         3
 Summon Guardian Golem    Hex/Summ       0%         N/A       98%         3


Dungeon Overview and Level Annotations

Branches:
Dungeon (2/15)

Altars:
Hepliaklqana

Shops:
D:1 =

Annotations:
D:2 Natasha


Innate Abilities, Weirdness & Mutations

Your life essence is reduced to manifest your ancestor. (-10% HP)
You are completely covered in rugged brown scales. (AC +3, +7% HP)
You have supernaturally acute eyesight. (SInv)
Armour fits poorly on your strangely shaped body.
You can roll at nearby foes to attack.
You have a long armoured tail.


Message History

You swap places.
You now have 71 gold pieces (gained 14).
You pick up a book of Callings and begin reading...
You add the spells Summon Small Mammal, Call Canine Familiar and Summon Guardian Golem to your library.
Found 20 stones.
No target in view!
Found a long sword.
No target in view!
No target in view!
No target in view!
You see here 20 stones.
Natasha, Servant of Life and Death comes into view.
Natasha hisses angrily.
A quokka comes into view.
There are monsters nearby!
There are monsters nearby!
Natasha wildly gestures.
Natasha's front paws start to glow.
Natasha claws you.
There are monsters nearby!
You closely miss Natasha. You block Natasha's attack.
Natasha barely misses you.
You barely miss Natasha.
Natasha stares at you and mumbles some strange words.
You resist with some effort.
You barely miss Natasha. Natasha claws you.
You barely miss Natasha. Natasha casts a spell at you. The magic dart hits you!
Natasha claws you.
* * * LOW HITPOINT WARNING * * *
You are too injured to fight recklessly!
You are too injured to fight recklessly!
Unknown command.
You swap places.
Natasha barely misses Khalidah.
Khalidah hits Natasha.
Natasha casts a spell.
Khalidah barely misses Natasha.
Natasha closely misses Khalidah.
Khalidah hits Natasha.
The white imp gestures at you. The puff of frost hits you!
You die...

h# #.#.###.####.# ##.#.#
.# #.#.###.####.## #.#.#
.###..............# #.#.#
............####..###.#.##
####...#########.........#
##.## #........###.#..# #.
#.#####.## #.#..# #.#
#.#..# ####.#####@# #.#).#
.....rhR5..# #....#
####.#####.# ###..# #.#
#..# #.######..#
#.......(.# ######...##
#.#.# #.#.#


You could see the friendly Khalidah the ancestor, Natasha (ally target), a white
imp (summoned) and a quokka.

Vanquished Creatures
  Natasha (twice) (D:2)
  A dart slug (D:2)
  2 ball pythons (D:1)
  2 endoplasms (D:1)
  A giant cockroach (D:1)
  4 goblins (D:1)
  2 hobgoblins
  3 kobolds
  4 quokkas
  2 bats (D:1)
  A rat (D:1)
24 creatures vanquished.

Vanquished Creatures (others)
  An ancestor (D:2)
1 creature vanquished.

Grand Total: 25 creatures vanquished

Notes
Turn   | Place    | Note
-------+----------+-------------------------------------------
     0 | D:1      | marklar909 the Palentonga Fighter began the quest for the
                  | Orb.
     0 | D:1      | Reached XP level 1. HP: 19/19 MP: 1/1
   347 | D:1      | Reached XP level 2. HP: 12/25 MP: 2/2
   536 | D:1      | Found a faded altar of an unknown god.
   779 | D:1      | Found Sofecsa's Jewellery Boutique.
   804 | D:1      | Prayed at the altar of an unknown god.
   804 | D:1      | Became a worshipper of Hepliaklqana the Forgotten
   804 | D:1      | Reached * piety under Hepliaklqana
  1265 | D:2      | Noticed Natasha
  1266 | D:2      | Noticed a crimson imp
  1267 | D:2      | Noticed a crimson imp
  1272 | D:2      | Noticed a crimson imp
  1380 | D:2      | Noticed a crimson imp
  1382 | D:2      | Killed Natasha
  1383 | D:2      | Reached XP level 3. HP: 19/28 MP: 3/3
  1590 | D:2      | Noticed Natasha
  1601 | D:2      | Killed Natasha
  1602 | D:2      | Reached XP level 4. HP: 21/33 MP: 4/4
  1770 | D:2      | Noticed Natasha
  1780 | D:2      | Killed from afar by a white imp

Illustrated notes

Levels and vault maps discovered:
D:1:      dpeg_arrival_connections, layout_loops_ring, serial_shops,
          shop_fountains, chequers_ecumenical_altar_island
D:2:      layout_loops_ring, uniq_natasha

Skill      XL: |  1  2  3 |
---------------+----------+-----
Axes           | 3 |  3.0
Fighting       | |  3.4
Armour         | |  2.9
Dodging        | |  0.1
Shields        | |  2.8

Action                   |  1- 3 |  4- 6 || total
-------------------------+-------+-------++-------
Melee: War axe           |    74 |     5 ||    79
       Tailslap          |     8 |       ||     8
Invok: Ancestor Identity |     1 |       ||     1
 Abil: Rolling Charge    |     4 |       ||     4
Armor: Scale mail        |    35 |     1 ||    36
Dodge: Dodged            |    25 |     1 ||    26
Block: Buckler           |    14 |     1 ||    15

Table legend: (Time is in decaauts)
 A = Elapsed time spent in this place.
 B = Non-inter-level travel time spent in this place.
 C = Inter-level travel time spent in this place.
 D = Time resting spent in this place.
 E = Time spent auto-exploring this place.
 F = Levels seen in this place.
 G = Mean time per level.
                   A        B        C        D        E       F      G
               +--------+--------+--------+--------+--------+-----+--------+
         Total |   1833 |   1779 |     54 |    187 |   1345 |   2 |  916.5 |
       Dungeon |   1833 |   1779 |     54 |    187 |   1345 |   2 |  916.5 |
               +--------+--------+--------+--------+--------+-----+--------+

Top non-repeatable levels by time:
     D:1: 1294 daAuts
     D:2: 539 daAuts
